 Dungeon Crawl Stone Soup version 0.21.1-1-g345015fe64 (webtiles) character file.

2109 JOKERXD40 the Cleaver (level 9, -1/79 HPs)
             Began as a Hill Orc Fighter on July 9, 2018.
             Was a Believer of Beogh.
             Slain by a hippogriff (7 damage)
             ... on level 7 of the Dungeon.
             The game lasted 00:16:57 (5608 turns).

JOKERXD40 the Cleaver (Hill Orc Fighter)            Turns: 5608, Time: 00:16:58

Health: -1/79      AC: 12    Str: 22    XL:     9   Next: 28%
Magic:  9/9        EV:  8    Int:  8    God:    Beogh [**....]
Gold:   343        SH:  0    Dex: 10    Spells: 8/8 levels left

rFire    . . .     SeeInvis .   A - +2 battleaxe
rCold    . . .     Gourm    .   (shield currently unavailable)
rNeg     . . .     Faith    +   l - +0 chain mail
rPois    .         Spirit   .   (no helmet)
rElec    .         Reflect  .   (no cloak)
rCorr    .         Harm     .   q - +0 pair of gloves
MR       .....                  p - +0 pair of boots
Stlth    ..........             v - amulet of faith
HPRegen  0.23/turn              u - +2 ring of slaying
MPRegen  0.11/turn              (no ring)

@: about to teleport
A: no striking features
a: Smiting, Renounce Religion


You were on level 7 of the Dungeon.
You worshipped Beogh.
Beogh was pleased with you.
You were not hungry.

You visited 1 branch of the dungeon, and saw 7 of its levels.

You collected 343 gold pieces.

Inventory:

Hand Weapons
 a - a +0 war axe
 A - a +2 battleaxe (weapon)
Missiles
 i - 2 tomahawks (quivered)
Armour
 l - a +0 chain mail (worn)
 p - a +0 pair of boots (worn)
 q - a +0 pair of gloves (worn)
Jewellery
 u - a +2 ring of slaying (left hand)
 v - an amulet of faith (around neck)
Scrolls
 b - 2 scrolls of magic mapping {unknown}
 e - a scroll of identify
 h - 2 scrolls of enchant armour {unknown}
 j - 3 scrolls of remove curse
 m - 2 scrolls of fog {unknown}
 n - 2 scrolls of blinking {unknown}
 r - 2 scrolls of enchant weapon {unknown}
 t - a scroll of amnesia {unknown}
 w - 2 scrolls of immolation {unknown}
 y - 2 scrolls of teleportation
Potions
 c - a potion of cancellation {unknown}
 d - 3 potions of might
 g - 3 potions of curing
 k - a potion of heal wounds {unknown}
 o - a potion of agility {unknown}
 s - a potion of ambrosia {unknown}
 x - a potion of mutation {unknown}
 z - 2 potions of brilliance
Comestibles
 f - 16 rations


   Skills:
 + Level 7.3 Fighting
 + Level 10.9 Axes
 + Level 0.5 Throwing
 + Level 6.3 Armour
 + Level 1.2 Dodging
 + Level 0.3 Stealth
   Level 5.5 Shields


You had 8 spell levels left.
You didn't know any spells.

Dungeon Overview and Level Annotations

Branches:
Dungeon (7/15)             Temple (0/1) D:5

Altars:
Ashenzari
Gozag
Hepliaklqana
Kikubaaqudgha
Makhleb
Nemelex Xobeh
Trog
The Shining One


Message History

* * * LOW HITPOINT WARNING * * *
You slash the hippogriff!
The hippogriff is severely wounded.
The gnoll sergeant hits you but does no damage.
The hippogriff closely misses you. The hippogriff pecks you.
* * * LOW HITPOINT WARNING * * *
The hippogriff claws you.
* * * LOW HITPOINT WARNING * * *
You feel better.
The gnoll sergeant hits you from afar with a spear.
* * * LOW HITPOINT WARNING * * *
The hippogriff bites you!
* * * LOW HITPOINT WARNING * * *
The hippogriff barely misses you.
The hippogriff claws you but does no damage.
As you read the scroll of teleportation, it crumbles to dust.
You feel strangely unstable.
The gnoll sergeant hits you but does no damage.
The hippogriff bites you!
You die...

#.#...... .....##
$.......# .......
........# .......
........# #... ........#
##... ........# #....
......gK# ##....
.....gKH#### ........
....####@..#####....#....
. #..................
#..(...(.......####
#..(...............
.###....#####....###..
.........#####.........
..................#....
..................#....
..................#....


You could see a hippogriff, a gnoll sergeant, a gnoll and 2 kobolds.

Vanquished Creatures
  Pikel (D:7)
  An ice beast (D:6)
  A sky beast (D:7)
  2 necrophages
  2 ogres (D:4)
  A centaur (D:5)
  A big kobold (D:7)
  5 wights (D:6)
  3 crimson imps
  2 bullfrog zombies
  A centaur zombie (D:7)
  A hound (D:6)
  2 orc wizards
  2 bullfrog skeletons
  A centaur skeleton (D:5)
  An iguana (D:5)
  5 worker ants
  A hound skeleton (D:7)
  5 gnolls
  2 river rats (D:4)
  6 adders
  An adder skeleton (D:5)
  5 worms
  11 dart slugs (D:3)
  2 leopard geckos (D:1)
  9 orcs
  4 giant cockroaches
  6 goblins
  9 hobgoblins
  4 jackals
  13 kobolds
  3 quokkas
  4 ball pythons
  10 bats
  2 frilled lizards
  3 leopard gecko skeletons (D:4)
  15 rats
147 creatures vanquished.

Notes
Turn   | Place    | Note
-------+----------+-------------------------------------------
     0 | D:1      | JOKERXD40 the Hill Orc Fighter began the quest for the Orb.
     0 | D:1      | Reached XP level 1. HP: 19/19 MP: 1/1
    19 | D:1      | Reached XP level 2. HP: 21/28 MP: 2/2
   162 | D:1      | Reached XP level 3. HP: 22/34 MP: 3/3
   359 | D:1      | Reached skill level 3 in Axes
   864 | D:2      | Found a glowing golden altar of the Shining One.
  1070 | D:2      | Reached XP level 4. HP: 33/41 MP: 4/4
  1511 | D:2      | Found a sparkling altar of Nemelex Xobeh.
  1750 | D:3      | Reached skill level 4 in Axes
  1750 | D:3      | Reached XP level 5. HP: 16/47 MP: 5/5
  2425 | D:3      | Found a bloodstained altar of Trog.
  2472 | D:3      | Became a worshipper of Beogh the Brigand
  2671 | D:3      | Reached skill level 5 in Axes
  3065 | D:4      | Noticed an ogre
  3069 | D:4      | Killed an ogre
  3069 | D:4      | Reached skill level 5 in Fighting
  3069 | D:4      | Reached XP level 6. HP: 37/56 MP: 6/6
  3090 | D:4      | HP: 2/56 [ogre/giant spiked club (16)]
  3091 | D:4      | Reached skill level 6 in Axes
  3098 | D:4      | HP: 2/56 [poisoned by an adder]
  3363 | D:4      | Found a burning altar of Makhleb.
  3492 | D:4      | Reached XP level 7. HP: 54/61 MP: 7/7
  3776 | D:4      | Reached * piety under Beogh
  3822 | D:4      | Reached skill level 1 in Dodging
  4270 | D:5      | Entered Level 5 of the Dungeon
  4280 | D:5      | Reached skill level 7 in Axes
  4317 | D:5      | Found a shattered altar of Ashenzari.
  4359 | D:5      | Reached skill level 5 in Shields
  4452 | D:5      | Found a staircase to the Ecumenical Temple.
  4814 | D:6      | Reached skill level 8 in Axes
  4814 | D:6      | Reached XP level 8. HP: 70/70 MP: 8/8
  4898 | D:6      | Found an ancient bone altar of Kikubaaqudgha.
  4922 | D:6      | Found a hazy altar of Hepliaklqana.
  4929 | D:6      | Found a burning altar of Makhleb.
  4990 | D:6      | Found an opulent altar of Gozag.
  5096 | D:6      | Reached ** piety under Beogh
  5096 | D:6      | Reached skill level 5 in Armour
  5334 | D:6      | Reached skill level 9 in Axes
  5533 | D:7      | Noticed Pikel
  5541 | D:7      | Killed Pikel
  5541 | D:7      | Reached skill level 10 in Axes
  5541 | D:7      | Reached XP level 9. HP: 63/77 MP: 9/9
  5608 | D:7      | Slain by a hippogriff

Skill      XL: |  1  2  3  4  5  6  7  8 |
---------------+-------------------------+-----
Fighting       | 4 5 7 |  7.3
Axes           | 3 4 5 6 8 10 | 10.9
Shields        | 4 5 |  5.5
Armour         | 4 6 |  6.3
Dodging        | 1 |  1.2
Throwing       | |  0.5
Stealth        | |  0.3

Action                   |  1- 3 |  4- 6 |  7- 9 || total
-------------------------+-------+-------+-------++-------
Melee: War axe           |   126 |   203 |   198 ||   527
       Battleaxe         |       |       |    51 ||    51
Throw: Tomahawk          |    15 |    18 |       ||    33
Invok: Convert to Beogh  |       |     1 |       ||     1
  Use: Scroll            |       |     1 |     4 ||     5
       Potion            |       |       |     1 ||     1
  Eat: Chunk             |       |     6 |     3 ||     9
       Ration            |       |     1 |     1 ||     2
Armor: Scale mail        |    33 |       |       ||    33
       Chain mail        |    42 |   123 |   150 ||   315
Dodge: Dodged            |    40 |    39 |    75 ||   154
Block: Shield            |    78 |   108 |    89 ||   275
